 Dungeon Sprint DCSS version 0.21-a0-55-gb612c23 (webtiles) character file.

16676 Kidiri the Eclecticist (level 12, -3/75 HPs)
             Began as a Deep Elf Fire Elementalist on June 14, 2017.
             Was the Champion of Vehumet.
             Slain by a death yak (10 damage)
             ... in the Dungeon (Sprint III: "The Ten Rune Challenge").
             The game lasted 00:19:03 (3020 turns).

Kidiri the Eclecticist (Deep Elf Fire Elementalist) Turns: 3020, Time: 00:19:05

Health: -3/75      AC:  5    Str:  5    XL:     12   Next: 12%
Magic:  25/39      EV: 21    Int: 26    God:    Vehumet [******]
Gold:   71         SH:  4    Dex: 15    Spells: 17/46 levels left

rFire    + . .     SeeInvis +   k - +0 dagger
rCold    . . .     Gourm    .   (no shield)
rNeg     . . .     Faith    .   v - +2 robe {rF+}
rPois    .         Spirit   .   i - +1 hat {SInv}
rElec    .         Reflect  .   (no cloak)
rCorr    .         Harm     .   (no gloves)
MR       +....     NoTele   +   (no boots)
Stlth    ++........             (no amulet)
HPRegen  0.22/turn              (no ring)
MPRegen  0.26/turn              (no ring)

@: hasted, very quick
A: large bone plates 1, high mp 1, MP-powered wands
a: Renounce Religion


You were in the Dungeon.
You worshipped Vehumet.
Vehumet was exalted by your worship.
You were hungry.

You visited 1 branch You collected 71 gold pieces.

Inventory:

Hand Weapons
 k - a +0 dagger (weapon)
Missiles
 a - 9 throwing nets (quivered)
Armour
 i - a +1 hat of see invisible (worn)
 v - a +2 robe of fire resistance (worn)
Wands
 e - a wand of scattershot (5/9)
Scrolls
 n - 2 scrolls of immolation
 o - a scroll of identify
 p - 4 scrolls of remove curse
Potions
 g - a potion of magic
 h - a potion of berserk rage
 j - a potion of invisibility {unknown}
 l - a potion of lignification
 m - 2 potions of mutation
 q - a potion of cancellation {unknown}
 r - 4 potions of flight
 u - a potion of might
Books
 b - a book of Flames

   Spells                             Type                      Level
   a - Flame Tongue                   Conjuration/Fire             1
   b - Throw Flame                    Conjuration/Fire             2
   c - Conjure Flame                  Conjuration/Fire             3
   d - Inner Flame                    Hexes/Fire                   3
   e - Sticky Flame                   Conjuration/Fire             4
   f - Fireball                       Conjuration/Fire             5
 t - a book of Minor Magic

   Spells                             Type                      Level
   a - Magic Dart                     Conjuration                  1
   b - Blink                          Translocation                2
   c - Call Imp                       Summoning                    2
   d - Slow                           Hexes                        2
   e - Conjure Flame                  Conjuration/Fire             3
   f - Mephitic Cloud                 Conjuration/Poison/Air       3
Comestibles
 c - a bread ration
 d - 26 royal jellies
 s - a meat ration


   Skills:
 + Level 8.7 Fighting
 + Level 10.2 Short Blades
 + Level 8.8 Armour
 + Level 12.4 Dodging
 - Level 2.4 Stealth
 * Level 17.9 Spellcasting
 + Level 11.3 Conjurations
 + Level 11.9 Fire Magic
 + Level 9.0 Air Magic
 + Level 9.7 Poison Magic


You had 17 spell levels left.
You knew the following spells:

 Your Spells              Type           Power        Failure   Level  Hunger
a - Flame Tongue          Conj/Fire      #####        0%          1    None
b - Throw Flame           Conj/Fire      ######       1%          2    None
c - Conjure Flame         Conj/Fire      ######..     1%          3    None
d - Inner Flame           Hex/Fire       ######..     1%          3    None
e - Ignite Poison         Fire/Tmut/Pois ######..     1%          3    None
f - Sticky Flame          Conj/Fire      ######..     1%          4    None
g - Fireball              Conj/Fire      ######....   1%          5    None
h - Lightning Bolt        Conj/Air       ######....   1%          5    None
i - Mephitic Cloud        Conj/Pois/Air  ######..     1%          3    None


Dungeon Overview and Level Annotations

Branches:
Dungeon (1/1)

Altars:
Cheibriados
Dithmenos
Elyvilon
Fedhas
Gozag
Hepliaklqana
Kikubaaqudgha
Makhleb
Nemelex Xobeh
Okawaru
Qazlal
Ru
Sif Muna
Trog
Uskayaw
Vehumet
Wu Jian
Xom
Yredelemnul
Zin
The Shining One
Beogh
Jiyva
Lugonu

Annotations:
D exclusion: 4 doors


Innate Abilities, Weirdness & Mutations

You are partially covered in large bone plates. (SH +4)
You have an increased reservoir of magic. (+10% MP)
You expend magic power (3 MP) to strengthen your wands.


Message History

You kill the death yak!
Vehumet accepts your kill.
You feel your power returning.
Your Air Magic skill increases to level 9!
Casting: Sticky Flame
Confirm with . or Enter, or press ? or * to list all spells.
Aiming: Sticky Flame
Press: ? - help, Shift-Dir - straight line, f - death yak
Aim: a death yak (flame, lightly wounded)
The sticky flame hits the death yak.
The death yak is moderately wounded.
The death yak is covered in liquid flames!
The death yak burns!
The death yak is engulfed in blazing flames.
The death yak gores you!!
* * * LOW HITPOINT WARNING * * *
You feel yourself speed up.
The death yak burns!
The death yak is engulfed in blazing flames.
The death yak gores you!
You die...

#..# #..#####....#___#__+...#)
▓▓▓▓▓▓▓▓▓▓▓▓▓▓▓▓▓▓▓▓▓▓▓▓▓▓▓▓▓▓
▓...+≈≈≈§≈≈≈≈........♣♣♣♣≈≈≈..
▓...#≈≈≈§§§≈)....≈≈≈≈+♣♣'♣≈≈≈≈
▓...#≈≈≈≈§§§.÷≈'.....#.≈♣♣♣♣♣♣
▓...#≈≈≈§§§≈≈≈.♣♣♣♣♣♣#..♣♣
▓...#≈≈≈≈§≈≈≈≈♣.♣ ###'♣♣♣♣♣
▓##+####'#######♣ ♣♣♣♣.##(.#
▓............@Y.♣♣ ♣...##)##.
▓#+#############§♣ ♣♣.##(##.#
.JJ# §YY.Y...♣ ♣..#.##.. ▓..J+
S######## ♣♣.##.##. ▓...#
♣♣%##.### ▓...# ♣..%..# #+###
#######


You could see a death yak (burning).

Vanquished Creatures
  Rupert (D)
  Gastronok (D)
  2 dire elephants (D)
  Erolcha (D)
  2 death yaks (D)
  Urug (D)
  A lindwurm (D)
  A deep elf mage (D)
  2 elephants (D)
  A black mamba (D)
  2 spiny frogs (D)
  A rime drake (D)
  A komodo dragon (D)
  A queen bee (D)
  3 wandering mushrooms (D)
  2 tyrant leeches (D)
  6 blink frogs (D)
  A shadow (D)
  5 redbacks (D)
  A spatial vortex (D)
  A swamp drake (D)
  A necrophage (D)
  5 two-headed ogres (D)
  A water elemental (D)
  A scorpion (D)
  32 killer bees (D)
  A jelly (D)
  A wizard (D)
  Jessica (D)
  A necromancer (D)
  3 humans (D)
  A kobold demonologist (D)
  An ooze (D)
  2 rats (D)
88 creatures vanquished.

Vanquished Creatures (others)
  2 draconian scorchers (D)
  6 hellions (D)
  2 yaktaurs (D)
  11 plants (D)
21 creatures vanquished.

Grand Total: 109 creatures vanquished

Notes
Turn   | Place    | Note
-------+----------+-------------------------------------------
     0 | D        | Kidiri the Deep Elf Fire Elementalist began the quest for the Orb.
     0 | D        | Reached XP level 1. HP: 10/10 MP: 6/6
    43 | D        | Killed a yaktaur
    59 | D        | Reached skill level 4 in Spellcasting
   104 | D        | Killed a hellion
   106 | D        | Killed a hellion
   106 | D        | Killed a hellion
   107 | D        | Killed a hellion
   170 | D        | Noticed Jessica
   170 | D        | Killed a white draconian scorcher
   176 | D        | Killed Jessica
   176 | D        | Reached skill level 1 in Fighting
   176 | D        | Reached skill level 1 in Short Blades
   176 | D        | Reached skill level 1 in Armour
   176 | D        | Reached skill level 5 in Spellcasting
   176 | D        | Reached XP level 2. HP: 12/16 MP: 2/10
   176 | D        | Reached XP level 3. HP: 15/20 MP: 2/11
   232 | D        | Killed a white draconian scorcher
   245 | D        | Killed a hellion
   264 | D        | Learned a level 2 spell: Throw Flame
   268 | D        | Learned a level 3 spell: Conjure Flame
   272 | D        | Learned a level 3 spell: Inner Flame
   285 | D        | Killed a hellion
   367 | D        | Noticed a scorpion
   369 | D        | Killed a scorpion
   369 | D        | Reached skill level 6 in Spellcasting
   369 | D        | Reached XP level 4. HP: 26/26 MP: 10/14
   378 | D        | Learned a level 4 spell: Sticky Flame
   393 | D        | Gained mutation: You have a pair of small horns on your head. [potion of mutation]
   393 | D        | Gained mutation: You are somewhat resistant to further mutation. [potion of mutation]
   394 | D        | Lost mutation: You are somewhat resistant to further mutation. [potion of mutation]
   394 | D        | Lost mutation: You have a pair of small horns on your head. [potion of mutation]
   394 | D        | Gained mutation: Your system is resistant to poisons. (rPois) [potion of mutation]
   394 | D        | Gained mutation: You are surrounded by a mild repulsion field. (EV +2) [potion of mutation]
   395 | D        | Lost mutation: Your system is resistant to poisons. (rPois) [potion of mutation]
   395 | D        | Gained mutation: You are resistant to hostile enchantments. (MR+) [potion of mutation]
   396 | D        | Lost mutation: You are surrounded by a mild repulsion field. (EV +2) [potion of mutation]
   396 | D        | Lost mutation: You are resistant to hostile enchantments. (MR+) [potion of mutation]
   396 | D        | Gained mutation: You expend magic power (3 MP) to strengthen your wands. [potion of mutation]
   396 | D        | Gained mutation: You have an increased reservoir of magic. (+10% MP) [potion of mutation]
   396 | D        | Gained mutation: You are partially covered in large bone plates. (SH +4) [potion of mutation]
   421 | D        | Noticed a water elemental
   423 | D        | Killed a water elemental
   423 | D        | Reached skill level 7 in Spellcasting
   423 | D        | Reached skill level 5 in Fire Magic
   423 | D        | Reached XP level 5. HP: 31/31 MP: 11/18
   464 | D        | Found a radiant altar of Vehumet.
   465 | D        | Found a deep blue altar of Sif Muna.
   465 | D        | Found an ancient bone altar of Kikubaaqudgha.
   466 | D        | Reached skill level 5 in Dodging
   466 | D        | Reached skill level 8 in Spellcasting
   477 | D        | Became a worshipper of Vehumet
   484 | D        | Learned a level 5 spell: Fireball
   493 | D        | Found a glowing silver altar of Zin.
   494 | D        | Found a glowing golden altar of the Shining One.
   494 | D        | Found a white marble altar of Elyvilon.
   494 | D        | Noticed a deep elf mage
   498 | D        | Killed a deep elf mage
   498 | D        | Reached skill level 5 in Short Blades
   498 | D        | Reached skill level 10 in Spellcasting
   498 | D        | Reached XP level 6. HP: 37/39 MP: 13/23
   498 | D        | Reached XP level 7. HP: 42/44 MP: 14/25
   558 | D        | Learned a level 3 spell: Mephitic Cloud
   561 | D        | Found an ornate altar of the Wu Jian Council.
   561 | D        | Found a roughly hewn altar of Beogh.
   561 | D        | Found an iron altar of Okawaru.
   561 | D        | Found a bloodstained altar of Trog.
   561 | D        | Found a hide-covered altar of Uskayaw.
   561 | D        | Noticed a human
   564 | D        | Noticed a human
   574 | D        | Killed a human
   574 | D        | Reached skill level 11 in Spellcasting
   574 | D        | Reached skill level 1 in Air Magic
   574 | D        | Reached skill level 1 in Poison Magic
   576 | D        | Killed a human
   576 | D        | Reached * piety under Vehumet
   576 | D        | Offered knowledge of Freeze by Vehumet.
   803 | D        | Found a basalt altar of Yredelemnul.
   803 | D        | Found a shadowy altar of Dithmenos.
   803 | D        | Found a sacrificial altar of Ru.
   842 | D        | Noticed a shadow
   844 | D        | Offered knowledge of Sandblast by Vehumet.
   844 | D        | Reached ** piety under Vehumet
   844 | D        | Reached XP level 8. HP: 48/48 MP: 17/27
   855 | D        | Reached skill level 5 in Fighting
   855 | D        | Reached skill level 5 in Armour
   945 | D        | Found a blossoming altar of Fedhas.
   945 | D        | Found a stormy altar of Qazlal.
   945 | D        | Found a snail-covered altar of Cheibriados.
   945 | D        | Found a burning altar of Makhleb.
   945 | D        | Found a shimmering altar of Xom.
   946 | D        | Found a hazy altar of Hepliaklqana.
   946 | D        | Found an opulent altar of Gozag.
   946 | D        | Found a sparkling altar of Nemelex Xobeh.
   946 | D        | Found a corrupted altar of Lugonu.
   946 | D        | Found a viscous altar of Jiyva.
   959 | D        | Reached skill level 12 in Spellcasting
  1026 | D        | Offered knowledge of Ignite Poison by Vehumet.
  1026 | D        | Reached *** piety under Vehumet
  1115 | D        | Learned a level 3 spell: Ignite Poison
  1116 | D        | Noticed a two-headed ogre
  1132 | D        | Killed a two-headed ogre
  1132 | D        | Offered knowledge of Dazzling Spray by Vehumet.
  1137 | D        | Noticed a two-headed ogre
  1140 | D        | Killed Erolcha
  1140 | D        | Reached XP level 9. HP: 55/55 MP: 12/30
  1144 | D        | Killed a two-headed ogre
  1144 | D        | Reached skill level 13 in Spellcasting
  1242 | D        | Reached **** piety under Vehumet
  1242 | D        | Reached skill level 5 in Poison Magic
  1375 | D        | Offered knowledge of Iskenderun's Mystic Blast by Vehumet.
  1377 | D        | Reached ***** piety under Vehumet
  1378 | D        | Reached skill level 5 in Air Magic
  1385 | D        | Noticed a queen bee
  1388 | D        | Reached ****** piety under Vehumet
  1388 | D        | Reached skill level 14 in Spellcasting
  1392 | D        | Killed a queen bee
  1434 | D        | Reached XP level 10. HP: 24/61 MP: 21/33
  1651 | D        | Offered knowledge of Fulminant Prism by Vehumet.
  1677 | D        | Reached skill level 10 in Dodging
  1816 | D        | Offered knowledge of Iskenderun's Battlesphere by Vehumet.
  1848 | D        | Noticed a spiny frog
  1848 | D        | Noticed a spiny frog
  1852 | D        | Killed a spiny frog
  1852 | D        | Reached skill level 10 in Fire Magic
  1855 | D        | Killed a spiny frog
  1855 | D        | Reached skill level 15 in Spellcasting
  2044 | D        | Offered knowledge of Lightning Bolt by Vehumet.
  2056 | D        | Learned a level 5 spell: Lightning Bolt
  2250 | D        | Noticed a lindwurm
  2253 | D        | Killed a lindwurm
  2365 | D        | Noticed Urug
  2389 | D        | Killed Urug
  2389 | D        | Reached XP level 11. HP: 40/67 MP: 22/35
  2478 | D        | Reached skill level 16 in Spellcasting
  2478 | D        | Reached skill level 10 in Conjurations
  2482 | D        | Offered knowledge of Spellforged Servitor by Vehumet.
  2510 | D        | Noticed Rupert
  2555 | D        | Noticed Gastronok
  2557 | D        | Noticed a dire elephant
  2567 | D        | Killed Rupert
  2574 | D        | Killed Gastronok
  2574 | D        | Reached skill level 17 in Spellcasting
  2575 | D        | Killed a dire elephant
  2628 | D        | Noticed a dire elephant
  2817 | D        | Killed a dire elephant
  2817 | D        | Reached skill level 10 in Short Blades
  2963 | D        | Noticed an azure jelly
  2963 | D        | Noticed an azure jelly
  2963 | D        | Noticed an azure jelly
  2963 | D        | Noticed an azure jelly
  2995 | D        | Noticed a death yak
  2997 | D        | Noticed a death yak
  2998 | D        | Noticed a death yak
  3004 | D        | Reached XP level 12. HP: 43/75 MP: 34/39
  3012 | D        | Noticed a death yak
  3015 | D        | Killed a death yak
  3018 | D        | Killed a death yak
  3020 | D        | Slain by a death yak

Vault maps used:
D:        dungeon_sprint_mu

Skill      XL: |  1  2  3  4  5  6  7  8  9 10 11 12 |
---------------+-------------------------------------+-----
Spellcasting   | 5 6 7 10 11 12 14 15 17 | 17.9
Fighting       | 1 2 4 5 6 7 8 |  8.7
Short Blades   | 1 2 3 5 6 7 8 10 | 10.2
Armour         | 1 2 4 5 6 7 8 |  8.8
Dodging        | 3 4 6 7 8 9 11 12 | 12.4
Conjurations   | 2 3 4 6 7 8 9 11 | 11.3
Fire Magic     | 4 5 6 7 8 9 10 11 | 11.9
Air Magic      | 2 4 5 7 8 9 |  9.0
Poison Magic   | 2 4 6 7 9 |  9.7
Stealth        | |  2.4

Action                   |  1- 3 |  4- 6 |  7- 9 | 10-12 || total
-------------------------+-------+-------+-------+-------++-------
Melee: Dagger            |       |     2 |    17 |    22 ||    41
 Cast: Flame Tongue      |    21 |     4 |    67 |    39 ||   131
       Throw Flame       |     1 |       |     1 |       ||     2
       Conjure Flame     |       |     1 |     6 |     7 ||    14
       Sticky Flame      |       |     1 |     9 |    21 ||    31
       Inner Flame       |       |       |    12 |     1 ||    13
       Mephitic Cloud    |       |       |     6 |     7 ||    13
       Ignite Poison     |       |       |     5 |     7 ||    12
       Lightning Bolt    |       |       |       |     9 ||     9
       Fireball          |       |       |       |    13 ||    13
  Use: Potion            |       |     4 |     4 |     2 ||    10
       Scroll            |       |     2 |       |     1 ||     3
 Stab: Sleeping          |       |     2 |       |       ||     2
  Eat: Chunk             |       |       |     1 |     1 ||     2
       Royal jelly       |       |       |       |     2 ||     2
Armor: Robe              |       |       |     4 |     6 ||    10
Dodge: Dodged            |     7 |     1 |    45 |    28 ||    81
Block: Other             |       |       |    13 |     5 ||    18
